 Dungeon Crawl Stone Soup version 0.30-b1-2-g02819fbbbe (webtiles) character file.

Game seed: 3530974230508325502

12541 LLlMATKO the Cleaver (level 11, -4/102 HPs)
             Began as a Minotaur Berserker on May 14, 2023.
             Was a High Priest of Trog.
             Engulfed by a cloud of freezing vapour (14 damage)
             ... on level 10 of the Dungeon.
             The game lasted 00:14:06 (8899 turns).

LLlMATKO the Cleaver (Minotaur Berserker)           Turns: 8899, Time: 00:14:06

Health: -4/102     AC: 26    Str: 22    XL:     11   Next: 63%
Magic:  19/19      EV: 10    Int:  1    God:    Trog [*****.]
Gold:   1428       SH:  7    Dex: 14    Spells: 10/10 levels left

rFire   + . .        P - +11 hand axe of the Jumping Stoat {flame, +Blink rF+ rN+ SInv}
rCold   . . .        w - +1 buckler {AC+3}
rNeg    + + .        j - +0 plate armour
rPois   +            (helmet restricted)
rElec   +            z - +2 ratskin cloak {*Rats rPois rN+ Str-1 Int-1 Dex+1}
rCorr   .            s - +0 pair of gloves "Kebonuck" {rElec MP+9 Int-2}
SInv    +            O - +2 pair of boots {Fly}
Will    .....        l - amulet of regeneration Stlth
                     G - +4 ring of slaying
HPRegen 1.17/turn    (no ring)
MPRegen 0.16/turn

%: no passive effects
@: flying
A: horns 2, retaliatory headbutt
a: Renounce Religion, Evoke Blink, Berserk, Trog's Hand, Brothers in Arms


You were on level 10 of the Dungeon.
You worshipped Trog.
Trog was extremely pleased with you.
You visited 1 branch of the dungeon, and saw 10 of its levels.
You also visited: Bailey.

You collected 1428 gold pieces.

Inventory:

Hand Weapons
 P - the +11 hand axe of the Jumping Stoat (weapon) {flame, +Blink rF+ rN+ SInv}
   (You found it in a bailey)

   rF:        It protects you from fire.
   rN:        It protects you from negative energy.
   SInv:      It lets you see invisible.
   +Blink:    It lets you blink.
 Q - the +7 trident "Peosow" {spect, rPois Str+3 Int-5}
   (You took it off an orc on level 9 of the Dungeon)

   Str:       It affects your strength (+3).
   Int:       It affects your intelligence (-5).
   rPois:     It protects you from poison.
Missiles
 h - 17 boomerangs (quivered)
 E - 6 javelins
 H - 4 datura-tipped darts
 I - 2 curare-tipped darts
 J - 9 poisoned darts
 M - 5 atropa-tipped darts
Armour
 d - a +0 ring mail of cold resistance
 j - a +0 plate armour (worn)
 s - the +0 pair of gloves "Kebonuck" (worn) {rElec MP+9 Int-2}
   (You found it on level 4 of the Dungeon)

   Int:       It affects your intelligence (-2).
   rElec:     It insulates you from electricity.
   MP:        It affects your magic capacity (+9).
 w - a +1 buckler of protection (worn)
 z - the +2 ratskin cloak (worn) {*Rats rPois rN+ Str-1 Int-1 Dex+1}
   (You found it on level 6 of the Dungeon)

   *Rats:     When the wearer is hurt, rats may emerge from it to assist them.
   Str:       It affects your strength (-1).
   Int:       It affects your intelligence (-1).
   Dex:       It affects your dexterity (+1).
   rPois:     It protects you from poison.
   rN:        It protects you from negative energy.
 O - a +2 pair of boots of flying (worn)
Jewellery
 l - an amulet of regeneration (around neck)
 G - a +4 ring of slaying (left hand)
 N - the ring "Teacruim" {Fly Int+3}
   (You took it off a hobgoblin in a bailey)

   [ring of flight]

   Int:       It affects your intelligence (+3).
   Fly:       It grants you flight.
Wands
 a - a wand of polymorph (1)
 x - a wand of flame (14)
 y - a wand of mindburst (24)
 C - a wand of charming (11)
Scrolls
 c - 2 scrolls of vulnerability
 f - 13 scrolls of identify
 m - a scroll of magic mapping
 n - 4 scrolls of poison {unknown}
 p - 2 scrolls of fear {unknown}
 r - 3 scrolls of fog {unknown}
 v - a scroll of immolation {unknown}
 D - 2 scrolls of noise {unknown}
 F - a scroll of summoning {unknown}
 L - 3 scrolls of teleportation {unknown}
Potions
 b - 15 potions of degeneration
 e - 6 potions of curing
 g - 3 potions of heal wounds {unknown}
 i - a potion of berserk rage
 k - 3 potions of mutation {unknown}
 o - 2 potions of lignification {unknown}
 q - 2 potions of might {unknown}
 t - a potion of ambrosia {unknown}
 u - 4 potions of flight
 A - 2 potions of haste
 B - a potion of cancellation {unknown}
 K - a potion of resistance {unknown}


   Skills:
 + Level 11.0 Fighting
 + Level 11.0 Axes
 + Level 10.6 Armour
 + Level 9.8 Dodging
 + Level 8.9 Shields


You had 10 spell levels left.
You didn't know any spells.
Your spell library was empty.

Dungeon Overview and Level Annotations

Branches:
Dungeon (10/15)            Temple (0/1) D:5            Lair (0/5) D:8
    Orc (0/2) D:9          Bailey (visited)

Altars:
Ashenzari
Dithmenos
Elyvilon
Kikubaaqudgha
Xom

Shops:
D:4 (


Innate Abilities, Weirdness & Mutations

You have a pair of horns on your head.
You reflexively headbutt those who attack you in melee.


Message History

Trog accepts your kill.
Your Fighting skill increases to level 11!
No target in view!
No target in view!
You reach down and open the door.
There is an open door here.
Really fly into a travel-excluded area?
Found a stone staircase leading down.
A troll comes into view.
The troll shouts!
You are engulfed in freezing vapours.
You are engulfed in freezing vapours.
You are engulfed in freezing vapours.
You are engulfed in freezing vapours.
You are engulfed in freezing vapours.
A river rat scurries out from under your cloak.
You swap places.
You are engulfed in freezing vapours.
* * * LOW HITPOINT WARNING * * *
The gnoll shouts!
Your river rat is engulfed in freezing vapours.
Your river rat returns to the shadows of the Dungeon!
You are engulfed in freezing vapours.
The gnoll shouts! x2; You hear a shout!
You feel better.
You are engulfed in freezing vapours.
* * * LOW HITPOINT WARNING * * *
You are engulfed in freezing vapours.
* * * LOW HITPOINT WARNING * * *
You are engulfed in freezing vapours.
* * * LOW HITPOINT WARNING * * *
You are engulfed in freezing vapours.
* * * LOW HITPOINT WARNING * * *
You are engulfed in freezing vapours.
* * * LOW HITPOINT WARNING * * *
You feel better.
You are engulfed in freezing vapours.
* * * LOW HITPOINT WARNING * * *
You are engulfed in freezing vapours.
* * * LOW HITPOINT WARNING * * *
You are engulfed in freezing vapours.
You die...

##.#.#....##
##.#☼#g.....
#####.#☼#.......
....#.#☼#gg......
....#.#☼#........#
.....#.#☼#........#
.....#?#☼#........#
....#[#☼#T.......# #..
....#=#@#........#####..
###.#$#.'...............
#.#$#.#...#### #.....
#.#####...# #.....
#.........# #.....
#.........# +.....
###.........# #.....
#...........# ##....
#...........### #....


You could see a troll and 3 gnolls.

Vanquished Creatures
  3 two-headed ogres
  A sixfirhy (D:7)
  A deep elf pyromancer (D:8)
  3 orc knights (Bailey)
  A manticore (D:7)
  A gargoyle (D:10)
  A komodo dragon (D:7)
  A slime creature (D:8)
  A shadow (D:10)
  A wraith (D:10)
  2 wyverns
  8 yaks
  3 vampire mosquitoes (D:9)
  2 water moccasins
  2 ice beasts
  9 orc warriors
  2 black bears
  A sky beast (D:7)
  2 ogres
  2 centaurs
  A phantom (D:6)
  4 kobold brigands
  Blork the orc (D:4)
  5 scorpions
  5 bullfrogs
  5 wights (D:9)
  6 killer bees (D:6)
  8 electric eels
  5 howler monkeys
  3 jellies
  5 orc priests
  5 hounds
  A gnoll bouda (D:5)
  A sleepcap (D:8)
  2 iguanas
  8 orc wizards
  2 hell rats (D:6)
  14 gnolls
  5 adders
  14 river rats (D:6)
  2 shadow imps
  A white imp (D:8)
  2 ufetubi
  2 worms
  2 dart slugs
  38 orcs
  6 ball pythons
  5 endoplasms
  5 giant cockroaches
  11 goblins
  11 hobgoblins
  7 jackals (D:1)
  21 kobolds
  6 quokkas
  14 bats
  4 frilled lizards
  4 rats
  2 spectral weapons (D:9)
290 creatures vanquished.

Vanquished Creatures (collateral kills)
  A shadow (D:9)
  A bullfrog (D:7)
  A killer bee (D:8)
  An orc (D:9)
4 creatures vanquished.

Vanquished Creatures (others)
  74 plants (D:8)
74 creatures vanquished.

Grand Total: 368 creatures vanquished

Notes
Turn   | Place    | Note
-------+----------+-------------------------------------------
     0 | D:1      | LLlMATKO the Minotaur Berserker began the quest for the
                  | Orb.
     0 | D:1      | Reached XP level 1. HP: 19/19 MP: 0/0
   106 | D:1      | Reached XP level 2. HP: 27/27 MP: 1/1
   135 | D:1      | Found a faded altar of an unknown god.
   675 | D:1      | Reached ** piety under Trog
   676 | D:1      | Reached XP level 3. HP: 32/33 MP: 2/2
  1594 | D:3      | Reached XP level 4. HP: 40/40 MP: 3/3
  1777 | D:3      | Reached *** piety under Trog
  2380 | D:4      | Reached XP level 5. HP: 47/47 MP: 4/4
  2418 | D:4      | Found Pyusosumma's Weapon Shoppe.
  2422 | D:4      | Noticed Blork the orc
  2519 | D:4      | Killed Blork the orc
  2520 | D:4      | Reached skill level 5 in Fighting
  2520 | D:4      | Reached skill level 5 in Axes
  2853 | D:4      | Identified the +3 robe of the Two of Wands {rF+ Dex+2}
  2866 | D:4      | Reached XP level 6. HP: 52/56 MP: 5/5
  3070 | D:4      | Identified the +0 pair of gloves "Kebonuck" {rElec MP+9
                  | Int-2}
  3353 | D:5      | Entered Level 5 of the Dungeon
  3517 | D:5      | Reached skill level 5 in Armour
  3517 | D:5      | Reached XP level 7. HP: 39/62 MP: 6/6
  3631 | D:5      | Reached skill level 5 in Dodging
  3728 | D:5      | Found a staircase to the Ecumenical Temple.
  3921 | D:5      | Found a shadowy altar of Dithmenos.
  4013 | D:5      | Found a shimmering altar of Xom.
  4014 | D:5      | Found a shimmering altar of Xom.
  4015 | D:5      | Found a shimmering altar of Xom.
  4016 | D:5      | Found a shimmering altar of Xom.
  4018 | D:5      | Found a shimmering altar of Xom.
  4018 | D:5      | Found a shimmering altar of Xom.
  4136 | D:5      | Found an ancient bone altar of Kikubaaqudgha.
  4268 | D:6      | Reached skill level 1 in Shields
  4283 | D:6      | Reached XP level 8. HP: 56/71 MP: 7/7
  4492 | D:6      | Reached **** piety under Trog
  4493 | D:6      | Found a broken altar of Ashenzari.
  4917 | D:6      | Found the +2 ratskin cloak {*Rats rPois rN+ Str-1 Int-1
                  | Dex+1}
  5194 | D:6      | Reached XP level 9. HP: 63/79 MP: 8/8
  5617 | D:7      | Found a runed translucent door.
  5617 | D:7      | Noticed a sixfirhy
  5665 | D:7      | Found a white marble altar of Elyvilon.
  5812 | D:7      | Noticed a komodo dragon
  5820 | D:7      | Killed a komodo dragon
  5821 | D:7      | Reached skill level 5 in Shields
  5856 | D:7      | Noticed a two-headed ogre
  5867 | D:7      | Killed a two-headed ogre
  5890 | D:7      | Noticed a manticore
  5897 | D:7      | Killed a manticore
  6013 | D:7      | Reached XP level 10. HP: 88/90 MP: 9/9
  6047 | D:7      | Killed a sixfirhy
  6049 | D:7      | Identified the staff of conjuration "Luatoavo" {rElec rF+
                  | rN+++ Int-2}
  6327 | D:8      | Reached ***** piety under Trog
  6351 | D:8      | Noticed a two-headed ogre
  6359 | D:8      | Killed a two-headed ogre
  6503 | D:8      | Noticed a deep elf pyromancer
  6512 | D:8      | Killed a deep elf pyromancer
  6631 | D:8      | Found a staircase to the Lair.
  6640 | D:8      | Reached skill level 10 in Axes
  6646 | D:8      | Reached skill level 10 in Fighting
  7207 | D:9      | Reached XP level 11. HP: 99/99 MP: 10/10
  7353 | D:9      | Found a flagged portal.
  7374 | Bailey   | Entered a bailey
  7389 | Bailey   | Noticed an orc knight
  7439 | Bailey   | Killed an orc knight
  7440 | Bailey   | Reached skill level 10 in Armour
  7490 | Bailey   | Noticed an orc knight
  7499 | Bailey   | Killed an orc knight
  7675 | Bailey   | Identified the ring "Teacruim" {Fly Int+3}
  7907 | Bailey   | Noticed an orc knight
  7923 | Bailey   | Killed an orc knight
  7952 | Bailey   | Identified the +11 hand axe of the Jumping Stoat {flame,
                  | +Blink rF+ rN+ SInv}
  8053 | D:9      | Found a staircase to the Orcish Mines.
  8055 | D:9      | Identified the +7 trident "Peosow" {spect, rPois Str+3
                  | Int-5}
  8438 | D:10     | Entered Level 10 of the Dungeon
  8457 | D:10     | Noticed a two-headed ogre
  8464 | D:10     | Killed a two-headed ogre
  8891 | D:10     | HP: 1/102 [something (8)]
  8899 | D:10     | Engulfed by a cloud of freezing vapour

Illustrated notes

Levels and vault maps discovered:
D:1:      amcnicky_arrival_double_pillar, layout_basic,
          ebering_ecumenical_altar_petrified
D:2:      layout_basic
D:3:      layout_basic, roderic_batcave
D:4:      layout_gridville, serial_shops, shop, minivault_5, uniq_blork_the_orc
D:5:      layout_loops_ring, xom_redecorated, nicolae_overflow_hidden_temple,
          minmay_temple_entry_mist
D:6:      wander_guarded_unrand_ratskin, layout_cave_pods,
          nicolae_ashenzari_skybound
D:7:      cheibrodos_shockbox, layout_rooms, elyvilon_altar_4, kb_rosetta
D:8:      cheibrodos_fzero, layout_loops_cross, serial_bayou,
          serial_bayou_lagoon_a, serial_bayou_lagoon_b, serial_bayou_pond_b,
          serial_bayou_pond_d
D:9:      layout_big_octagon, david_orc_2, enter_bailey_7
D:10:     lemuel_ice_spiral_2, layout_irregular_city

Skill      XL: |  1  2  3  4  5  6  7  8  9 10 11 |
---------------+----------------------------------+-----
Axes           | 4 5 6 7 8 10 11 | 11.0
Fighting       | 4 5 6 7 8 10 11 | 11.0
Armour         | 3 4 5 7 8 9 10 | 10.6
Dodging        | 3 4 5 6 7 9 |  9.8
Shields        | 1 4 6 7 8 |  8.9

Action                     |  1- 3 |  4- 6 |  7- 9 | 10-12 || total
---------------------------+-------+-------+-------+-------++-------
  Melee: Hand axe          |    92 |    53 |       |    43 ||   188
         Headbutt          |    18 |    15 |    38 |    62 ||   133
         War axe           |       |    42 |   195 |   234 ||   471
         Unarmed           |       |     1 |       |       ||     1
         Punch             |       |     1 |       |       ||     1
  Throw: Boomerang         |       |       |       |    43 ||    43
 Invoke: Berserk           |     1 |     3 |     2 |     8 ||    14
         Trog's Hand       |       |       |       |     1 ||     1
         Brothers in Arms  |       |       |       |     1 ||     1
    Use: Scroll            |       |       |       |     4 ||     4
         Potion            |       |       |       |     2 ||     2
 Armour: Animal skin       |    10 |       |       |       ||    10
         Ring mail         |    13 |    35 |    62 |    62 ||   172
         Skin              |       |    10 |       |       ||    10
         Plate armour      |       |       |       |    41 ||    41
  Dodge: Dodged            |    60 |    75 |   124 |    94 ||   353
  Block: Buckler           |       |       |    58 |    81 ||   139
